 Dungeon Crawl Stone Soup version 0.24.0-41-g2ae2f7f1be (webtiles) character file.

Game seed: 16263077092420425329, levelgen mode: deterministic

114208 FishyPogo the Cruncher (level 16, -14/126 HPs)
             Began as a Gnoll Skald on Dec 15, 2019.
             Was the Champion of Okawaru.
             Killed from afar by a shock serpent (29 damage)
             ... with a bolt of electricity
             ... on level 3 of the Snake Pit.
             The game lasted 02:41:04 (22243 turns).

FishyPogo the Cruncher (Gnoll Skald)               Turns: 22243, Time: 02:41:04

Health: -14/126    AC: 31    Str: 31    XL:     16   Next: 65%
Magic:  26/31      EV: 22    Int: 20    God:    Okawaru [******]
Gold:   1449       SH:  0    Dex: 18    Spells: 12/38 levels left

rFire    + + .     SeeInvis .   a - +8 quarterstaff "Ukyeph" {crush, Str+6}
rCold    . . .     Gourm    .   (shield currently unavailable)
rNeg     + . .     Faith    .   X - +8 chain mail of Lifelessness {rN+ Str+6 Int+4}
rPois    +         Spirit   .   U - +2 helmet of the Rose {rF++ Str+2}
rElec    .         Reflect  .   W - +2 cloak {rPois}
rCorr    .         Harm     .   G - +0 pair of gloves
MR       +....                  w - +1 pair of boots
Stlth    ++........             (no amulet)
HPRegen  1.31/turn              S - +3 ring of slaying
MPRegen  0.22/turn              j - +5 ring of evasion

@: regenerating, studying Staves
A: distributed training, fangs 1, strong nose
a: Heroism, Finesse, Renounce Religion


You were on level 3 of the Snake Pit.
You worshipped Okawaru.
Okawaru was exalted by your worship.
You were not hungry.

You visited 5 branches of the dungeon, and saw 25 of its levels.
You also visited: Sewer.

You collected 2295 gold pieces.
You spent 846 gold pieces at shops.

Inventory:

Hand Weapons
 a - the +8 quarterstaff "Ukyeph" (weapon) {crush, Str+6}
   (You found it on level 5 of the Lair of Beasts)

   It inflicts extra damage upon your enemies.
   It affects your strength (+6).
 b - the +9 hunting sling of the Maze {speed, Str+2 Dex+2}
   (You bought it in a shop on level 2 of the Orcish Mines)

   Attacks with this weapon are significantly faster.
   It affects your strength (+2).
   It affects your dexterity (+2).
Missiles
 f - 8 silver javelins
 r - 53 sling bullets
 y - 91 poisoned darts (quivered)
 z - 7 atropa-tipped darts
 A - 24 boomerangs
 C - 11 javelins
 E - 7 silver boomerangs
 K - 2 throwing nets
Armour
 w - a +1 pair of boots (worn)
 D - the +0 robe of the Snail {rC++ Str-4}
   (You found it on level 6 of the Dungeon)

   It affects your strength (-4).
   It greatly protects you from cold.
 G - a +0 pair of gloves (worn)
 O - a +2 shield of resistance
 U - the +2 helmet of the Rose (worn) {rF++ Str+2}
   (You bought it in a shop on level 2 of the Orcish Mines)

   It affects your strength (+2).
   It greatly protects you from fire.
 W - a +2 cloak of poison resistance (worn)
 X - the +8 chain mail of Lifelessness (worn) {rN+ Str+6 Int+4}
   (You found it on level 5 of the Lair of Beasts)

   It affects your strength (+6).
   It affects your intelligence (+4).
   It protects you from negative energy.
Magical Staves
 m - an uncursed staff of summoning
Jewellery
 j - a +5 ring of evasion (right hand)
 S - a +3 ring of slaying (left hand)
Wands
 h - a wand of paralysis (11)
 l - a wand of enslavement (21)
 x - a wand of acid (9)
 H - a wand of flame (37)
 I - a wand of disintegration (37)
 Q - a wand of iceblast (3)
Scrolls
 c - 5 scrolls of fog
 e - 2 scrolls of fear
 g - 9 scrolls of remove curse
 o - 8 scrolls of identify
 q - 9 scrolls of teleportation
 B - a scroll of blinking
 F - 2 scrolls of enchant armour
 M - a scroll of vulnerability
 N - 3 scrolls of summoning
 P - a scroll of amnesia
 Y - 3 scrolls of magic mapping
Potions
 i - 4 potions of curing
 k - a potion of magic
 n - 2 potions of heal wounds
 p - 2 potions of haste
 s - 4 potions of flight
 t - 2 potions of might
 u - 2 potions of brilliance
 v - 4 potions of invisibility
 J - a potion of berserk rage
 L - 3 potions of lignification
 R - a potion of agility
Books
 T - a manual of Staves
Miscellaneous
 V - a phantom mirror
Comestibles
 d - 32 rations
 Z - 7 chunks of flesh


   Skills:
 + Level 11.6 Fighting
 + Level 10.8 Short Blades
 + Level 11.6 Long Blades
 + Level 10.8 Axes
 + Level 10.8 Maces & Flails
 + Level 10.8 Polearms
 + Level 13.3 Staves
 + Level 10.8 Slings
 + Level 10.8 Bows
 + Level 10.8 Crossbows
 + Level 10.8 Throwing
 + Level 11.1 Armour
 + Level 11.6 Dodging
 + Level 10.8 Stealth
 + Level 10.8 Shields
 + Level 10.8 Unarmed Combat
 + Level 11.7 Spellcasting
 + Level 9.1 Conjurations
 + Level 9.1 Hexes
 + Level 10.6 Charms
 + Level 9.1 Summonings
 + Level 9.1 Necromancy
 + Level 9.1 Translocations
 + Level 9.1 Transmutations
 + Level 9.1 Fire Magic
 + Level 9.1 Ice Magic
 + Level 9.1 Air Magic
 + Level 9.1 Earth Magic
 + Level 9.1 Poison Magic
 + Level 11.6 Invocations
 + Level 10.8 Evocations


You had 12 spell levels left.
You knew the following spells:

 Your Spells              Type           Power        Failure   Level  Hunger
c - Iskenderun's Mystic   Conj           #####...     4%          4    #......
h - Regeneration          Chrm/Necr      ######....   1%          3    None
i - Infusion              Chrm           ####         1%          1    None
j - Conjure Flame         Conj/Fire      #####...     1%          3    None
k - Tukima's Dance        Hex            #####...     1%          3    None
n - Spectral Weapon       Hex/Chrm       ######..     1%          3    None
p - Shroud of Golubria    Chrm/Tloc      ######       1%          2    None
s - Sticky Flame          Conj/Fire      #####...     4%          4    #......
u - Song of Slaying       Chrm           ######..     1%          2    None
y - Beastly Appendage     Tmut           #####.       1%          1    None

Your spell library contained the following spells:

 Spells                   Type           Power        Failure   Level  Hunger
 Animate Skeleton         Necr           N/A          1%          1    None
 Apportation              Tloc           #####.       1%          1    None
 Confusing Touch          Hex            #####.       1%          1    None
 Corona                   Hex            #####..      1%          1    None
 Flame Tongue             Conj/Fire      #####        1%          1    None
 Magic Dart               Conj           ####         1%          1    None
 Shock                    Conj/Air       ####         1%          1    None
 Summon Small Mammal      Summ           ####         1%          1    None
 Ensorcelled Hibernation  Hex/Ice        #####.       1%          2    None
 Searing Ray              Conj           #####.       1%          2    None
 Slow                     Hex            #####...     1%          2    None
 Sticks to Snakes         Tmut           #####...     1%          2    None
 Swiftness                Chrm/Air       ######..     1%          2    None
 Throw Flame              Conj/Fire      #####.       1%          2    None
 Confuse                  Hex            #####...     1%          3    None
 Dazzling Spray           Conj/Hex       #####.       1%          3    None
 Inner Flame              Hex/Fire       #####...     1%          3    None
 Portal Projectile        Hex/Tloc       #####.       1%          3    None
 Spider Form              Tmut/Pois      #####.....   1%          3    None
 Static Discharge         Conj/Air       #####...     1%          3    None
 Airstrike                Air            #####.....   4%          4    #......
 Cause Fear               Hex            #####.....   4%          4    #......
 Force Lance              Conj/Tloc      #####...     4%          4    #......
 Fulminant Prism          Conj/Hex       #####.....   4%          4    #......
 Ice Form                 Ice/Tmut       #####...     4%          4    #......
 Leda's Liquefaction      Hex/Erth       #####.....   4%          4    #......
 Blade Hands              Tmut           #####.....   13%         5    ####...
 Borgnjor's Vile Clutch   Necr/Erth      #####.....   13%         5    ####...
 Fireball                 Conj/Fire      #####.....   13%         5    ####...
 Lightning Bolt           Conj/Air       #####.....   13%         5    ####...
 Silence                  Hex/Air        #####.....   13%         5    ####...
 Darkness                 Hex            #####.....   58%         6    ######.
 Shadow Creatures         Summ           N/A          58%         6    ######.


Dungeon Overview and Level Annotations

Branches:
Dungeon (13/15)            Temple (1/1) D:7            Lair (6/6) D:9
  Swamp (0/4) Lair:4        Snake (3/4) Lair:4        Slime (0/5) Lair:6
    Orc (2/2) D:11            Elf (0/3) Orc:2         Sewer (visited)
 Vaults: D:13-14

Altars:
Ashenzari
Cheibriados
Dithmenos
Elyvilon
Fedhas
Gozag
Hepliaklqana
Kikubaaqudgha
Makhleb
Nemelex Xobeh
Okawaru
Qazlal
Ru
Sif Muna
Trog
Uskayaw
Vehumet
Wu Jian
Xom
Yredelemnul
Zin
The Shining One
Jiyva

Shops:
D:9 *   D:10 (   Orc:2 ?*(}%   Snake:1 :   Snake:2 =}}

Annotations:
Lair:5 2 transporters, jaiteiro's ghost, journeyman FoFi
Snake:3 Vashnia


Innate Abilities, Weirdness & Mutations

Your experience applies equally to all skills.
You have very sharp teeth.
Your uncanny sense of smell can sniff out nearby items.


Message History

The shock serpent completely resists.
The bolt of electricity hits your spectral weapon!
Your spectral weapon resists.
Your spectral weapon shares its damage with you!
* * * LOW HITPOINT WARNING * * *
The shock serpent bites your spectral weapon.
Your spectral weapon shares its damage with you!
The shock serpent shocks your spectral weapon.
Your spectral weapon resists.
Your spectral weapon shares its damage with you!
* * * LOW HITPOINT WARNING * * *
Casting: Spectral Weapon (safe; 1% risk of failure)
Confirm with . or Enter, or press ? or * to list all spells.
Your skin crawls.
The shock serpent misses you.
You miss the shock serpent.
The shock serpent is moderately wounded.
Your spectral weapon barely misses the shock serpent.
The shock serpent shoots out a bolt of lightning at you!
The bolt of electricity hits you!!
You die...

##.## #...#........#..
#...### ###.#....>......
###.....# ###.##.........#
#.......# #...####....#...
#.......# #.).####)...#...
#......####.....).........
##........#######..#......
#..(#....## ###.#....).
#.).##.S@.#####...#.##...
#####.$(#...........##...
#...####....##...##..
#...# ...### #...##..
##### .. ##...... .
#.###.. ### #.. #.. #..


You could see a shock serpent and a friendly spectral +8 quarterstaff "Ukyeph"
{crush, Str+6}.

Vanquished Creatures
  Rupert (Orc:2)
  Gastronok (Lair:1)
  Snorg (D:12)
  A fire dragon (Lair:6)
  Erolcha (Orc:2)
  5 naga warriors
  5 hydras
  The ghost of scherben the Magician, a journeyman GnSk of Fedhas (D:9)
  5 anacondas
  A centaur warrior (D:13)
  Erica (D:10)
  15 two-headed ogres
  4 ogre magi (Orc:2)
  The ghost of Kagalorn the Spear-Bearer, a novice MfIE of Okawaru (D:8)
  Urug (D:11)
  4 shock serpents
  5 naga sharpshooters
  Nergalle (D:10)
  5 skeletal warriors
  A salamander mystic (Snake:3)
  An unseen horror (D:12)
  Pikel (D:6)
  A lindwurm (Lair:6)
  6 naga ritualists
  An orc knight (Orc:2)
  11 mana vipers
  5 cyclopes
  A deep elf mage (D:10)
  5 salamanders
  An ugly thing (D:12)
  A guardian serpent (Snake:3)
  27 black mambas
  6 elephants (Lair:6)
  2 molten gargoyles (Lair:6)
  7 naga magi
  A gargoyle (D:9)
  A rime drake (Lair:3)
  10 spiny frogs
  A kobold demonologist (D:9)
  10 komodo dragons
  A queen bee (Lair:5)
  Grinder (D:5)
  6 trolls
  3 polar bears
  3 meliai (Lair:5)
  A hornet (D:11)
  Prince Ribbit (D:7)
  2 bog bodies (Lair:4)
  17 blink frogs
  5 dream sheep (Lair:6)
  5 hippogriffs
  2 water elementals (D:13)
  A spriggan (shapeshifter) (D:13)
  A shadow (D:13)
  60 yaks
  7 wyverns
  4 basilisks
  3 hogs (D:8)
  A human (D:8)
  Eustachio (D:5)
  Grum (D:10)
  A steam dragon (Lair:6)
  8 vampire mosquitoes (D:12)
  2 hungry ghosts
  A warg (Orc:1)
  22 nagas
  A harpy simulacrum (D:13)
  10 water moccasins
  2 soldier ants
  7 porcupines
  3 hell hounds (Lair:6)
  3 ice beasts
  10 orc warriors
  4 sky beasts
  2 black bears
  4 slaves
  3 phantoms
  29 ogres
  25 wolves
  12 crocodiles
  7 centaurs
  10 big kobolds
  11 bullfrogs
  3 scorpions
  21 killer bees
  11 wights
  8 howler monkeys
  7 electric eels
  5 lava snakes (Lair:6)
  6 crimson imps
  2 quasits
  2 bullfrog zombies
  A jelly (D:12)
  A wyvern simulacrum (D:10)
  A centaur zombie (D:6)
  9 orc priests
  A centaur skeleton (D:5)
  2 bullfrog skeletons
  8 hounds
  21 orc wizards
  A gnoll shaman (Orc:1)
  An iguana (D:7)
  8 worker ants
  2 hell rats (Lair:6)
  A bullfrog simulacrum (D:10)
  A hound skeleton (D:9)
  Robin (D:2)
  6 gnolls
  A howler monkey skeleton (D:4)
  8 adders
  11 river rats (Lair:6)
  4 shadow imps
  4 white imps
  An ufetubus (D:13)
  4 oozes (Sewer)
  8 worms
  2 dart slugs
  2 leopard geckos
  43 orcs
  11 giant cockroaches
  15 goblins
  7 hobgoblins
  14 jackals
  18 kobolds
  A quokka (D:10)
  5 ball pythons
  18 bats
  8 frilled lizards
  7 rats
  A butterfly (Lair:3)
785 creatures vanquished.

Vanquished Creatures (collateral kills)
  7 killer bees (Lair:5)
  An orc (D:7)
8 creatures vanquished.

Vanquished Creatures (others)
  A white imp (D:13)
  4 fungi
  6 plants
  32 spectral weapons
43 creatures vanquished.

Grand Total: 836 creatures vanquished

Notes
Turn   | Place    | Note
-------+----------+-------------------------------------------
     0 | D:1      | FishyPogo the Gnoll Skald began the quest for the Orb.
     0 | D:1      | Reached XP level 1. HP: 20/20 MP: 6/6
   306 | D:1      | Reached XP level 2. HP: 22/26 MP: 7/7
   312 | D:1      | Learned a level 2 spell: Song of Slaying
   319 | D:1      | Learned a level 2 spell: Shroud of Golubria
   659 | D:1      | Reached XP level 3. HP: 29/31 MP: 9/9
   664 | D:1      | Learned a level 3 spell: Regeneration
   668 | D:1      | Learned a level 3 spell: Spectral Weapon
   962 | D:2      | Reached skill level 5 in Spellcasting
  1191 | D:2      | Reached skill level 1 in Invocations
  1331 | D:2      | Noticed Robin
  1345 | D:2      | Killed Robin
  1345 | D:2      | Reached skill level 1 in Short Blades
  1345 | D:2      | Reached skill level 1 in Axes
  1345 | D:2      | Reached skill level 1 in Maces & Flails
  1345 | D:2      | Reached skill level 1 in Polearms
  1345 | D:2      | Reached skill level 1 in Staves
  1345 | D:2      | Reached skill level 1 in Slings
  1345 | D:2      | Reached skill level 1 in Bows
  1345 | D:2      | Reached skill level 1 in Crossbows
  1345 | D:2      | Reached skill level 1 in Throwing
  1345 | D:2      | Reached skill level 1 in Stealth
  1345 | D:2      | Reached skill level 1 in Shields
  1345 | D:2      | Reached skill level 1 in Unarmed Combat
  1345 | D:2      | Reached skill level 1 in Evocations
  1346 | D:2      | Reached XP level 4. HP: 38/38 MP: 3/11
  1584 | D:2      | Reached skill level 1 in Conjurations
  1584 | D:2      | Reached skill level 1 in Hexes
  1584 | D:2      | Reached skill level 1 in Summonings
  1584 | D:2      | Reached skill level 1 in Necromancy
  1584 | D:2      | Reached skill level 1 in Translocations
  1584 | D:2      | Reached skill level 1 in Transmutations
  1584 | D:2      | Reached skill level 1 in Fire Magic
  1584 | D:2      | Reached skill level 1 in Ice Magic
  1584 | D:2      | Reached skill level 1 in Air Magic
  1584 | D:2      | Reached skill level 1 in Earth Magic
  1584 | D:2      | Reached skill level 1 in Poison Magic
  1697 | D:2      | Reached XP level 5. HP: 35/43 MP: 12/12
  2286 | D:3      | Found a glowing drain.
  2305 | Sewer    | Entered a sewer
  3081 | D:4      | Noticed a phantom
  3097 | D:4      | Killed a phantom
  3097 | D:4      | Reached XP level 6. HP: 38/50 MP: 10/14
  3166 | D:4      | Reached skill level 5 in Fighting
  3166 | D:4      | Reached skill level 5 in Long Blades
  3166 | D:4      | Reached skill level 5 in Dodging
  3180 | D:4      | Reached skill level 2 in Staves
  3330 | D:4      | Found a basalt altar of Yredelemnul.
  3467 | D:5      | Entered Level 5 of the Dungeon
  3575 | D:5      | Reached XP level 7. HP: 52/56 MP: 12/15
  4031 | D:5      | Noticed Grinder
  4033 | D:5      | Noticed Eustachio
  4044 | D:5      | Paralysed by Grinder for 4 turns
  4051 | D:5      | Killed Grinder
  4095 | D:5      | Killed Eustachio
  4095 | D:5      | Reached skill level 3 in Staves
  4095 | D:5      | Reached XP level 8. HP: 55/63 MP: 5/16
  4624 | D:6      | Got a steaming robe
  4635 | D:6      | Identified the cursed +0 robe of the Snail {rC++ Str-4}
                  | (You found it on level 6 of the Dungeon)
  4963 | D:7      | Noticed Pikel
  5025 | D:6      | Killed Pikel
  5025 | D:6      | Reached XP level 9. HP: 30/69 MP: 11/18
  5082 | D:7      | Reached skill level 4 in Staves
  5187 | D:7      | Reached skill level 5 in Armour
  5386 | D:7      | Noticed Prince Ribbit
  5396 | D:7      | Killed Prince Ribbit
  5396 | D:7      | Reached skill level 5 in Invocations
  5508 | D:7      | Found a staircase to the Ecumenical Temple.
  5516 | Temple   | Entered the Ecumenical Temple
  5557 | Temple   | Became a worshipper of Warmaster Okawaru
  5817 | D:8      | Found a basalt altar of Yredelemnul.
  5950 | D:8      | Reached XP level 10. HP: 72/77 MP: 15/20
  6111 | D:8      | Found a runed translucent gate.
  6113 | D:8      | Found a runed translucent gate.
  6113 | D:8      | Found a runed translucent gate.
  6115 | D:8      | Noticed Kagalorn's ghost (novice MfIE)
  6264 | D:8      | Reached * piety under Okawaru
  6435 | D:8      | Reached skill level 5 in Short Blades
  6435 | D:8      | Reached skill level 5 in Axes
  6435 | D:8      | Reached skill level 5 in Maces & Flails
  6435 | D:8      | Reached skill level 5 in Polearms
  6435 | D:8      | Reached skill level 5 in Staves
  6435 | D:8      | Reached skill level 5 in Slings
  6435 | D:8      | Reached skill level 5 in Bows
  6435 | D:8      | Reached skill level 5 in Crossbows
  6435 | D:8      | Reached skill level 5 in Throwing
  6435 | D:8      | Reached skill level 5 in Stealth
  6435 | D:8      | Reached skill level 5 in Shields
  6435 | D:8      | Reached skill level 5 in Unarmed Combat
  6435 | D:8      | Reached skill level 5 in Evocations
  6937 | D:9      | Reached ** piety under Okawaru
  6994 | D:9      | Found a sparkling altar of Nemelex Xobeh.
  6996 | D:9      | Found a blossoming altar of Fedhas.
  7000 | D:9      | Found a stormy altar of Qazlal.
  7000 | D:9      | Found an ancient bone altar of Kikubaaqudgha.
  7102 | D:9      | Noticed a gargoyle
  7126 | D:9      | Killed a gargoyle
  7185 | D:9      | Reached *** piety under Okawaru
  7191 | D:9      | Reached XP level 11. HP: 76/84 MP: 18/22
  7236 | D:9      | Found Wazuaw's Assorted Antiques.
  7244 | D:9      | Bought a scroll labeled HURASAIMICS for 34 gold pieces
  7262 | D:9      | Found a runed translucent gate.
  7263 | D:9      | Found a runed translucent gate.
  7264 | D:9      | Found a runed translucent gate.
  7266 | D:9      | Noticed scherben's ghost (journeyman GnSk)
  7319 | D:9      | Noticed a two-headed ogre
  7327 | D:9      | Killed a two-headed ogre
  7327 | D:9      | Reached skill level 6 in Staves
  7467 | D:9      | Reached skill level 5 in Conjurations
  7467 | D:9      | Reached skill level 5 in Hexes
  7467 | D:9      | Reached skill level 5 in Summonings
  7467 | D:9      | Reached skill level 5 in Necromancy
  7467 | D:9      | Reached skill level 5 in Translocations
  7467 | D:9      | Reached skill level 5 in Transmutations
  7467 | D:9      | Reached skill level 5 in Fire Magic
  7467 | D:9      | Reached skill level 5 in Ice Magic
  7467 | D:9      | Reached skill level 5 in Air Magic
  7467 | D:9      | Reached skill level 5 in Earth Magic
  7467 | D:9      | Reached skill level 5 in Poison Magic
  7675 | D:10     | Entered Level 10 of the Dungeon
  7687 | D:10     | Noticed Erica
  7699 | D:10     | Killed Erica
  7699 | D:10     | Reached **** piety under Okawaru
  7718 | D:10     | Noticed Grum
  7728 | D:10     | Killed Grum
  7802 | D:10     | Found Qaosum's Weapon Boutique.
  7859 | D:10     | Noticed a two-headed ogre
  7897 | D:10     | Killed a two-headed ogre
  8023 | D:10     | Reached ***** piety under Okawaru
  8304 | D:10     | Noticed Nergalle
  8316 | D:10     | Killed Nergalle
  8472 | D:10     | Noticed a deep elf mage
  8498 | D:10     | Killed a deep elf mage
  8644 | D:11     | Reached XP level 12. HP: 92/93 MP: 18/24
  8675 | D:11     | Found a staircase to the Orcish Mines.
  8675 | D:11     | Noticed a two-headed ogre
  8681 | D:11     | Killed a two-headed ogre
  8681 | D:11     | Reached skill level 7 in Staves
  8903 | D:11     | Reached ****** piety under Okawaru
  9152 | D:12     | Noticed Urug
  9179 | D:12     | Received a gift from Okawaru
  9535 | D:11     | Killed Urug
  9535 | D:11     | Reached skill level 8 in Staves
  9647 | D:9      | Found a staircase to the Lair.
  9729 | Lair:1   | Entered Level 1 of the Lair of Beasts
 10017 | Lair:1   | Noticed Gastronok
 10207 | Lair:1   | Killed Gastronok
 10207 | Lair:1   | Reached XP level 13. HP: 80/101 MP: 21/26
 10544 | Lair:2   | Received a gift from Okawaru
 10671 | Lair:2   | Reached skill level 9 in Staves
 10854 | Lair:2   | Learned a level 3 spell: Conjure Flame
 10859 | Lair:2   | Learned a level 4 spell: Sticky Flame
 10863 | Lair:2   | Learned a level 3 spell: Tukima's Dance
 11312 | D:12     | Got a crude ring mail {god gift}
 11323 | D:12     | Identified the +0 ring mail of Okawaru's Regard {rPois
                  | rF+++ rC- Dex-5} (Okawaru gifted it to you on level 12 of
                  | the Dungeon)
 11620 | Lair:2   | Received a gift from Okawaru
 11645 | Lair:2   | You fall into a shaft and drop 2 floors!
 11876 | Lair:3   | Learned a level 1 spell: Beastly Appendage
 12468 | Lair:4   | Found a staircase to the Swamp.
 12628 | Lair:4   | Found a staircase to the Snake Pit.
 13284 | Lair:5   | Identified the +11 trident "Vibun" {protect, Str+5}
 13285 | Lair:5   | Found a bloodstained altar of Trog.
 13285 | Lair:5   | Noticed jaiteiro's ghost (journeyman FoFi)
 13323 | Lair:5   | Found a transporter.
 13617 | Lair:5   | Got a heavily runed leather armour
 13628 | Lair:5   | Identified the cursed +0 leather armour of Gosept {rN+}
                  | (You found it on level 5 of the Lair of Beasts)
 13699 | Lair:5   | Reached skill level 10 in Staves
 13823 | Lair:5   | Found a transporter.
 13851 | Lair:5   | Reached skill level 10 in Spellcasting
 13856 | Lair:5   | Received a gift from Okawaru
 13871 | Lair:5   | Reached XP level 14. HP: 48/109 MP: 27/28
 13973 | Lair:5   | Got a jewelled quarterstaff
 13974 | Lair:5   | Identified the +8 quarterstaff "Ukyeph" {crush, Str+6} (You
                  | found it on level 5 of the Lair of Beasts)
 14018 | Lair:5   | Got a slimy chain mail
 14029 | Lair:5   | Identified the +8 chain mail of Lifelessness {rN+ Str+6
                  | Int+4} (You found it on level 5 of the Lair of Beasts)
 14265 | Lair:6   | Entered Level 6 of the Lair of Beasts
 14360 | Lair:6   | Found a viscous altar of Jiyva.
 14369 | Lair:6   | Found a staircase to the Slime Pits.
 14417 | Lair:6   | Reached skill level 10 in Fighting
 14417 | Lair:6   | Reached skill level 10 in Long Blades
 14417 | Lair:6   | Reached skill level 10 in Dodging
 14424 | Lair:6   | Received a gift from Okawaru
 14695 | Lair:6   | Found the +9 staff of Wucad Mu {channel}
 14695 | Lair:6   | Found a large runed translucent door.
 14696 | Lair:6   | Found a large runed translucent door.
 14900 | Lair:6   | Received a gift from Okawaru
 14908 | Lair:6   | Reached skill level 10 in Invocations
 14933 | Lair:6   | Reached skill level 11 in Staves
 15941 | D:12     | Noticed Snorg
 15951 | D:12     | Killed Snorg
 15983 | D:12     | Received a gift from Okawaru
 15991 | D:12     | You fall into a shaft and drop 1 floor!
 16099 | D:13     | Found a gate leading to a gauntlet.
 16105 | D:13     | HP: 4/111 [cyclops/large rock (42)]
 16595 | D:8      | Killed Kagalorn's ghost
 16696 | D:9      | Killed scherben's ghost
 16906 | D:12     | Reached XP level 15. HP: 117/117 MP: 29/29
 16948 | D:12     | Received a gift from Okawaru
 17041 | D:12     | Reached skill level 10 in Armour
 17130 | Orc:1    | Entered Level 1 of the Orcish Mines
 17280 | Orc:2    | Entered Level 2 of the Orcish Mines
 17323 | Orc:2    | Noticed Erolcha
 17331 | Orc:2    | Killed Erolcha
 17433 | Orc:2    | Received a gift from Okawaru
 17506 | Orc:2    | Reached skill level 12 in Staves
 17579 | Orc:1    | Reached skill level 10 in Charms
 17788 | Orc:1    | Received a gift from Okawaru
 18228 | Orc:2    | Found a staircase to the Elven Halls.
 18236 | Orc:1    | Learned a level 4 spell: Iskenderun's Mystic Blast
 18288 | Orc:2    | Noticed Rupert
 18299 | Orc:2    | Killed Rupert
 18299 | Orc:2    | Reached skill level 10 in Short Blades
 18299 | Orc:2    | Reached skill level 10 in Axes
 18299 | Orc:2    | Reached skill level 10 in Maces & Flails
 18299 | Orc:2    | Reached skill level 10 in Polearms
 18299 | Orc:2    | Reached skill level 10 in Slings
 18299 | Orc:2    | Reached skill level 10 in Bows
 18299 | Orc:2    | Reached skill level 10 in Crossbows
 18299 | Orc:2    | Reached skill level 10 in Throwing
 18299 | Orc:2    | Reached skill level 10 in Stealth
 18299 | Orc:2    | Reached skill level 10 in Shields
 18299 | Orc:2    | Reached skill level 10 in Unarmed Combat
 18299 | Orc:2    | Reached skill level 10 in Evocations
 18438 | Orc:2    | Found Zitypupn's General Store.
 18438 | Orc:2    | Found Utenyass's Antique Weapon Boutique.
 18439 | Orc:2    | Found Faememp's Gadget Boutique.
 18439 | Orc:2    | Found Rociohon's Food Emporium.
 18464 | Orc:2    | Bought a smoking hunting sling for 208 gold pieces
 18465 | Orc:2    | Bought the +2 helmet of the Rose {rF++ Str+2} for 604 gold
                  | pieces
 18472 | Orc:2    | Identified the +9 hunting sling of the Maze {speed, Str+2
                  | Dex+2} (You bought it in a shop on level 2 of the Orcish
                  | Mines)
 18557 | Orc:2    | Found Ocloussi's Magic Scroll Shop.
 19368 | Snake:1  | Entered Level 1 of the Snake Pit
 19809 | Snake:1  | Received a gift from Okawaru
 19867 | Snake:1  | Reached XP level 16. HP: 47/125 MP: 0/31
 20085 | Snake:1  | Found Cuekui's Book Boutique.
 20091 | Snake:1  | Received a gift from Okawaru
 20956 | Snake:2  | Found Feviphip's Gadget Shoppe.
 20957 | Snake:2  | Found Luimauj's Jewellery Boutique.
 20959 | Snake:2  | Found Efaowow's Gadget Shoppe.
 21113 | Snake:2  | Reached skill level 13 in Staves
 21755 | Snake:3  | Noticed Vashnia
 21788 | Snake:3  | HP: 2/126 [black mamba (7)]
 22228 | Snake:3  | Received a gift from Okawaru
 22243 | Snake:3  | Killed from afar by a shock serpent

Levels and vault maps discovered:
D:1:      dpeg_arrival_signposts, layout_loops_corners
D:2:      layout_basic, kennysheep_generic_room_11, uniq_robin
D:3:      cheibrodos_old_hovel, layout_loops_ring, first_ration,
          cheibrodos_sewer_entry_sluice, minmay_misc_feat_diagonals,
          minmay_misc_feat_enclosed
D:4:      layout_cave_pools, lemuel_round_altar, bh_walls_and_bars
D:5:      layout_basic, minmay_door_square, uniq_eustachio, uniq_grinder
D:6:      layout_cave_pools, corexii_corridor_pit
D:7:      layout_loops_ring, minmay_temple_entry_glassed_door, uniq_pikel,
          uniq_prince_ribbit1
D:8:      layout_basic, ebering_ghost_rock_garden, grunt_livestock,
          minmay_misc_feat_cross, hex_large, roderic_serpentine_path,
          yredelemnul_altar_generic
D:9:      minmay_the_grid_octo_triangle [minmay_the_grid_octo_toaster,
          minmay_the_grid_octo_prize_big_c, minmay_the_grid_octo_shrine],
          layout_loops_cross, erik_lair_island, gammafunk_ghost_nasty_kobolds,
          serial_shops, nicolae_shop_stone
D:10:     layout_roguey, serial_shops, shop, serial_ice, serial_ice_h,
          serial_ice_n, serial_ice_g, serial_ice_k, minmay_librarian, uniq_grum,
          uniq_erica, uniq_nergalle
D:11:     layout_rooms, orc_0_dummy
D:12:     layout_long_grid, minivault_11, uniq_urug, uniq_snorg
D:13:     minmay_s_stair_smasher, layout_rooms, serial_ice, serial_ice_i,
          serial_ice_m, serial_ice_f, serial_ice_a, serial_ice_d, serial_ice_g,
          serial_ice_c, portal_ice_cave_entry_imps, gauntlet_entry_generic,
          small_statue_alley_a, chequers_serial_rivers_micro_b,
          nicolae_ru_awakened_eye, uniq_sonja
Temple:   compressed_dpeg_circular_temple
Lair:1:   layout_chaotic_city, patterned_corridor, uniq_gastronok
Lair:2:   layout_regular_city, wad_woods_06
Lair:3:   layout_roguey, lemuel_fruit_fields, grunt_megastairs_2
Lair:4:   layout_cave_pods, skrybe_swamp_entry_bodies,
          guppyfry_snake_entry_island
Lair:5:   layout_long_grid, special_room [special_room_bee],
          gammafunk_ghost_wrathful_warriors
Lair:6:   cheibrodos_lair_end_hotspot, layout_gridlike, slime_altar_1,
          kennysheep_rathole
Snake:1:  layout_basic, serial_shops, nicolae_shop_crystal, st_stairs_13,
          serial_bayou_shore_b
Snake:2:  layout_layer_cave, minmay_shop_grove
Snake:3:  layout_misc_corridors, nicolae_snake_shapes, minmay_shoptagon,
          uniq_vashnia
Orc:1:    layout_caves, nicolae_orc_stony_grotto
Orc:2:    st_orc_ogre_mass, layout_caves, serial_shops, shop_scrolls,
          uniq_rupert, uniq_erolcha

Skill      XL: |  1  2  3  4  5  6  7  8  9 10 11 12 13 14 15 16 |
---------------+-------------------------------------------------+-----
Spellcasting   | 5 6 7 8 9 10 11 | 11.7
Invocations    | 1 2 3 4 5 6 7 8 9 10 11 | 11.6
Short Blades   | 1 2 3 4 5 6 7 8 9 10 | 10.8
Axes           | 1 2 3 4 5 6 7 8 9 10 | 10.8
Maces & Flails | 1 2 3 4 5 6 7 8 9 10 | 10.8
Polearms       | 1 2 3 4 5 6 7 8 9 10 | 10.8
Staves         | 1 2 3 4 5 6 8 10 11 12 13 | 13.3
Slings         | 1 2 3 4 5 6 7 8 9 10 | 10.8
Bows           | 1 2 3 4 5 6 7 8 9 10 | 10.8
Crossbows      | 1 2 3 4 5 6 7 8 9 10 | 10.8
Throwing       | 1 2 3 4 5 6 7 8 9 10 | 10.8
Stealth        | 1 2 3 4 5 6 7 8 9 10 | 10.8
Shields        | 1 2 3 4 5 6 7 8 9 10 | 10.8
Unarmed Combat | 1 2 3 4 5 6 7 8 9 10 | 10.8
Evocations     | 1 2 3 4 5 6 7 8 9 10 | 10.8
Conjurations   | 1 2 3 4 5 6 7 8 9 |  9.1
Hexes          | 1 2 3 4 5 6 7 8 9 |  9.1
Summonings     | 1 2 3 4 5 6 7 8 9 |  9.1
Necromancy     | 1 2 3 4 5 6 7 8 9 |  9.1
Translocations | 1 2 3 4 5 6 7 8 9 |  9.1
Transmutations | 1 2 3 4 5 6 7 8 9 |  9.1
Fire Magic     | 1 2 3 4 5 6 7 8 9 |  9.1
Ice Magic      | 1 2 3 4 5 6 7 8 9 |  9.1
Air Magic      | 1 2 3 4 5 6 7 8 9 |  9.1
Earth Magic    | 1 2 3 4 5 6 7 8 9 |  9.1
Poison Magic   | 1 2 3 4 5 6 7 8 9 |  9.1
Armour         | 3 4 5 6 7 8 9 10 11 | 11.1
Fighting       | 5 6 7 8 9 10 11 | 11.6
Long Blades    | 5 6 7 8 9 10 11 | 11.6
Dodging        | 5 6 7 8 9 10 11 | 11.6
Charms         | 6 7 8 9 10 | 10.6

Action                   |  1- 3 |  4- 6 |  7- 9 | 10-12 | 13-15 | 16-18 || total
-------------------------+-------+-------+-------+-------+-------+-------++-------
Melee: Falchion          |    83 |   147 |       |       |       |       ||   230
       Bite              |     4 |    21 |    26 |    40 |   124 |    32 ||   247
       Flail             |       |    38 |   137 |    48 |       |       ||   223
       Punch             |       |     1 |     3 |     1 |       |       ||     5
       Trident           |       |       |    17 |       |       |       ||    17
       Spear             |       |       |    71 |       |       |       ||    71
       Halberd           |       |       |       |   386 |   291 |       ||   677
       War axe           |       |       |       |     6 |       |       ||     6
       Dagger            |       |       |       |     2 |       |       ||     2
       Hand axe          |       |       |       |       |    24 |       ||    24
       Headbutt          |       |       |       |       |    79 |       ||    79
       Quarterstaff      |       |       |       |       |   479 |   168 ||   647
       Staff             |       |       |       |       |     4 |       ||     4
 Fire: Hunting sling     |       |       |       |       |    50 |    86 ||   136
Throw: Stone             |       |       |     1 |       |       |       ||     1
       Boomerang         |       |       |     8 |    12 |     1 |       ||    21
       Dart              |       |       |     2 |       |    28 |     5 ||    35
 Cast: Infusion          |     4 |     4 |     3 |     4 |    14 |       ||    29
       Shroud of Golubri |     3 |     6 |    15 |    41 |    80 |     5 ||   150
       Song of Slaying   |     2 |     3 |     5 |    14 |    16 |     2 ||    42
       Spectral Weapon   |     1 |     7 |    33 |    66 |   120 |    23 ||   250
       Regeneration      |       |     5 |     8 |    29 |    28 |    11 ||    81
       Beastly Appendage |       |       |       |       |    34 |       ||    34
       Sticky Flame      |       |       |       |       |     3 |       ||     3
       Iskenderun's Myst |       |       |       |       |     2 |       ||     2
Invok: Heroism           |       |       |       |       |     1 |       ||     1
       Finesse           |       |       |       |       |     1 |       ||     1
Evoke: Staff of Wucad Mu |       |       |       |       |     2 |       ||     2
  Use: Scroll            |       |     1 |     4 |    16 |    11 |     2 ||    34
       Potion            |       |     1 |       |     5 |     2 |     2 ||    10
 Stab: Sleeping          |       |     4 |     3 |    10 |    10 |     1 ||    28
       Distracted        |       |       |     2 |     3 |    11 |     2 ||    18
  Eat: Chunk             |     1 |    10 |     9 |    16 |    29 |       ||    65
       Ration            |       |       |       |     1 |     1 |     3 ||     5
Armor: Leather armour    |    14 |    49 |    10 |    40 |    40 |       ||   153
       Robe              |       |       |    13 |    15 |     2 |       ||    30
       Ring mail         |       |       |       |       |     8 |       ||     8
       Chain mail        |       |       |       |       |   113 |    55 ||   168
       Troll leather arm |       |       |       |       |    15 |       ||    15
Dodge: Dodged            |    64 |   228 |   197 |   370 |   699 |   127 ||  1685
       Rpst.: Falchion   |    19 |    67 |       |       |       |       ||    86
